 Dungeon Crawl Stone Soup version 0.22-a0-247-gbddf880757 (webtiles) character file.

177 Peterchen the Chopper (level 5, 0/47 HPs)
             Began as a Minotaur Berserker on Feb 24, 2018.
             Was a Believer of Trog.
             Slain by Jessica (1 damage)
             ... on level 3 of the Dungeon.
             The game lasted 00:07:41 (2259 turns).

Peterchen the Chopper (Minotaur Berserker)          Turns: 2259, Time: 00:07:41

Health: 0/47       AC:  5    Str: 23    XL:     5   Next: 30%
Magic:  4/4        EV: 17    Int:  4    God:    Trog [**....]
Gold:   192        SH:  0    Dex: 14    Spells: 4/4 levels left

rFire    . . .     SeeInvis .   a - +0 hand axe
rCold    . . .     Gourm    .   (no shield)
rNeg     . . .     Faith    .   b - +0 ring mail
rPois    .         Spirit   .   (helmet restricted)
rElec    .         Reflect  .   q - +1 cloak
rCorr    .         Harm     .   (no gloves)
MR       .....                  (no boots)
Stlth    +.........             (no amulet)
HPRegen  0.15/turn              s - -2 ring of protection (curse)
MPRegen  0.09/turn              (no ring)

@: confused, agile, lethally poisoned (0 -> -3), berserk cooldown, slowed, very
slow
A: retaliatory headbutt, horns 2
a: Berserk, Trog's Hand, Renounce Religion


You were on level 3 of the Dungeon.
You worshipped Trog.
Trog was pleased with you.
You were near starving.

You visited 1 branch of the dungeon, and saw 3 of its levels.

You collected 192 gold pieces.

Inventory:

Hand Weapons
 a - a +0 hand axe (weapon)
Missiles
 n - 12 poisoned needles (quivered)
Armour
 b - a +0 ring mail (worn)
 q - a +1 cloak (worn)
Jewellery
 s - a cursed -2 ring of protection (left hand)
 t - an uncursed ring of see invisible {unknown}
Scrolls
 g - a scroll of remove curse {unknown}
 j - a scroll of fear
 k - 2 scrolls of blinking
 o - 2 scrolls of teleportation
Potions
 d - a potion of ambrosia {unknown}
 f - a potion of curing {unknown}
 h - a potion of mutation {unknown}
 i - a potion of brilliance {unknown}
 l - a potion of magic {unknown}
 m - a potion of degeneration {unknown}
 p - a potion of berserk rage {unknown}
Comestibles
 c - 3 rations


   Skills:
 + Level 4.6 Fighting
 * Level 5.4 Axes
 + Level 3.6 Armour
 + Level 3.3 Dodging


You had 4 spell levels left.
You didn't know any spells.

Dungeon Overview and Level Annotations

Branches:
Dungeon (3/15)

Altars:

Annotations:
D:3 Jessica


Innate Abilities, Weirdness & Mutations

You reflexively headbutt those who attack you in melee.
You have a pair of horns on your head.


Message History

Items here: )) [ † a club; a dagger of venom; a glowing robe; a hobgoblin corpse You hit Jessica.
Jessica is heavily wounded.
You closely miss the orc wizard. You miss the orc wizard.
You feel less confused.
You feel sick. The orc wizard misses you.
The orc wizard points at you and mumbles some strange words.
You are confused.
Jessica closely misses you.
The orc wizard hits you but does no damage.
Jessica closely misses you. The orc wizard barely misses you.
You bump into the rock wall.
The orc wizard gestures wildly while chanting.
The orc wizard blinks!
The orc priest calls down the wrath of Beogh upon you.
Beogh smites you!
* * * LOW HITPOINT WARNING * * *
The orc wizard closely misses you. Jessica hits you.
You die...

#.#.#########.....
#.#.# #.#### #.#..
#.# ###.#######
#.# #.........#
#.# #.#.#####.#
#.# #.#.....# #.#
#.#####.#
#####.####
#o§@@...#
#.....##..
#.o######
#.######.# #..#
#.# ####.# #...
#.# #....# #...#
#.# #.#### #....
#.# #..... #....#
#.###..### #....#
#....÷.... #o....
##########


You could see an orc priest, an orc wizard and Jessica.

Vanquished Creatures
  Crazy Yiuf (D:2)
  An iguana (D:3)
  An orc wizard (D:3)
  Terence (D:2)
  3 adders (D:2)
  2 worms (D:2)
  A dart slug (D:3)
  A leopard gecko (D:2)
  An orc (D:3)
  2 giant cockroaches (D:1)
  6 goblins
  6 hobgoblins
  A kobold (D:3)
  A quokka (D:3)
  7 bats
  A frilled lizard (D:1)
  4 rats
40 creatures vanquished.

Notes
Turn   | Place    | Note
-------+----------+-------------------------------------------
     0 | D:1      | Peterchen the Minotaur Berserker began the quest for the Orb.
     0 | D:1      | Reached XP level 1. HP: 19/19 MP: 0/0
   514 | D:1      | Reached XP level 2. HP: 27/27 MP: 1/1
   576 | D:1      | Reached skill level 4 in Axes
   888 | D:2      | Reached XP level 3. HP: 33/33 MP: 2/2
  1164 | D:2      | Noticed Terence
  1170 | D:2      | Killed Terence
  1170 | D:2      | Reached XP level 4. HP: 39/40 MP: 3/3
  1176 | D:2      | Reached ** piety under Trog
  1381 | D:2      | Found a runed door.
  1385 | D:2      | Noticed Crazy Yiuf
  1392 | D:2      | HP: 1/60 [Crazy Yiuf/quarterstaff of chaos (5)]
  1393 | D:2      | Killed Crazy Yiuf
  1393 | D:2      | Reached skill level 5 in Axes
  1896 | D:3      | Reached XP level 5. HP: 38/47 MP: 4/4
  2247 | D:3      | Noticed Jessica
  2259 | D:3      | HP: 1/47 [orc priest/divine providence (10)]
  2259 | D:3      | Slain by Jessica

Vault maps used:
D:1:      dpeg_arrival_tiny_h
D:2:      uniq_crazy_yiuf_cottage, uniq_terence
D:3:      grunt_ministairs_7, uniq_jessica

Skill      XL: |  1  2  3  4 |
---------------+-------------+-----
Axes           | 4 5 |  5.4
Fighting       | 4 |  4.6
Armour         | 3 |  3.6
Dodging        | 3 |  3.3

Action                   |  1- 3 |  4- 6 || total
-------------------------+-------+-------++-------
Melee: Hand axe          |    43 |    57 ||   100
       Headbutt          |     5 |    10 ||    15
Invok: Berserk           |     1 |     2 ||     3
       Trog's Hand       |       |     1 ||     1
  Use: Scroll            |       |     5 ||     5
       Potion            |       |     1 ||     1
  Eat: Chunk             |     1 |     1 ||     2
       Ration            |       |     1 ||     1
Armor: Ring mail         |    17 |    19 ||    36
Dodge: Dodged            |    27 |    44 ||    71

Table legend:
 A = Spawn XP
 B = Non-spawn XP
 C = Spawn XP percentage of total XP
 D = Spawn monster count
 E = Non-spawn monster count
 F = Spawn count percentage of total count
 G = Total turns spent on level
                    A         B        C        D         E        F      G
               +---------+---------+-------+---------+---------+-------+---------
         Total |       0 |     253 |   0.0 |       0 |      40 |   0.0 |  2259
               +---------+---------+-------+---------+---------+-------+---------
           D:1 |       0 |      16 |   0.0 |       0 |      10 |   0.0 |   849
           D:2 |       0 |     141 |   0.0 |       0 |      16 |   0.0 |  1009
           D:3 |       0 |      96 |   0.0 |       0 |      14 |   0.0 |   401
               +---------+---------+-------+---------+---------+-------+---------
